 Dungeon Crawl Stone Soup version 0.25-a0-479-g8579842fd4 (webtiles) character file.

Game seed: 3271583845442594069, levelgen mode: deterministic

736 Error4North the Chopper (level 7, 0/60 HPs)
             Began as a Hill Orc Fighter on Feb 9, 2020.
             Slain by an orc warrior
             ... wielding a +0 scimitar
              (11 damage)
             ... on level 6 of the Dungeon.
             The game lasted 00:15:31 (4782 turns).

Error4North the Chopper (Hill Orc Fighter)          Turns: 4782, Time: 00:15:32

Health: 0/60       AC: 10    Str: 31    XL:     7   Next: 74%
Magic:  7/7        EV:  9    Int:  8    God:
Gold:   37         SH:  0    Dex: 10    Spells: 6/6 levels left

rFire    . . .     SeeInvis .   a - +0 war axe
rCold    . . .     Gourm    .   c - +0 shield
rNeg     . . .     Faith    .   b - +0 scale mail
rPois    .         Spirit   .   (no helmet)
rElec    .         Reflect  .   (no cloak)
rCorr    .         Harm     .   p - +0 pair of gloves
MR       .....                  (no boots)
Stlth    ..........             (no amulet)
HPRegen  0.20/turn              h - +2 ring of protection
MPRegen  0.10/turn              j - +5 ring of strength

@: confused, mighty
A: no striking features
a: no special abilities


You were on level 6 of the Dungeon.
You were not hungry.

You visited 1 branch of the dungeon, and saw 6 of its levels.

You collected 157 gold pieces.
You spent 120 gold pieces at shops.

Inventory:

Hand Weapons
 a - a +0 war axe (weapon)
Armour
 b - a +0 scale mail (worn)
 c - a +0 shield (worn)
 p - a +0 pair of gloves (worn)
Jewellery
 h - a +2 ring of protection (left hand)
 j - a +5 ring of strength (right hand)
 n - an uncursed ring of poison resistance
 q - an uncursed ring of stealth
Scrolls
 g - 2 scrolls of teleportation {unknown}
 i - 5 scrolls of identify
 k - 3 scrolls of amnesia {unknown}
 l - 2 scrolls of immolation {unknown}
 m - 2 scrolls of blinking {unknown}
 s - 2 scrolls of remove curse {unknown}
 t - a scroll of fear {unknown}
Potions
 d - a potion of might
 e - a potion of agility
 u - a potion of lignification {unknown}
 z - a potion of curing
Comestibles
 f - 6 rations


   Skills:
 + Level 4.8 Fighting
 + Level 6.2 Axes
 * Level 5.7 Armour
 + Level 1.1 Dodging
 + Level 0.2 Stealth
 * Level 5.9 Shields


You had 6 spell levels left.
You didn't know any spells.
Your spell library was empty.

Dungeon Overview and Level Annotations

Branches:
Dungeon (6/15)             Temple (0/1) D:6

Altars:

Shops:
D:5 :!:?(


Message History

You see here 15 gold pieces.
An orc warrior comes into view. It is wielding a +0 hand axe.
The jackal closely misses you.
A leopard gecko comes into view.
The centaur shoots an arrow.
The arrow closely misses you.
The centaur shoots an arrow.
The arrow closely misses you.
You see here an arrow.
The sentinel's mark upon you fades away.
It was a potion of magic.
Magic courses through your body.
You closely miss the orc warrior. You block the orc warrior's attack.
You slash the orc warrior!
The orc warrior is moderately wounded.
The orc warrior hits you with a +0 scimitar!
* * * LOW HITPOINT WARNING * * *
It was a potion of ambrosia.
You are confused.
You feel invigorated.
You hear the slow hiss of a very distant avalanche of sand.
The orc warrior hits you with a +0 scimitar!
You die...

..... ## ...... ..###
##......
S.#.##........
.#.#.... ... ###'....#
##.# #(.....## ##..#
#.#######h.....# #.c..
#....@oocl5<..# ##.##.
##########...####...##
#..$†)().[...
#....##..[...
##.......##.>
###...####.. ##..# #..
#... #... #..##....


You could see 2 orc warriors, a centaur, a crimson imp, a leopard gecko and a
jackal.

Vanquished Creatures
  An ogre (D:5)
  A phantom (D:6)
  A crimson imp (D:5)
  2 hounds (D:4)
  2 orc priests
  Crazy Yiuf (D:2)
  2 orc wizards (D:6)
  2 iguanas
  Natasha (thrice) (D:3)
  A worker ant (D:5)
  A hound skeleton (D:4)
  5 adders
  A shadow imp (D:5)
  An ooze (D:4)
  A worm (D:2)
  5 dart slugs
  2 leopard geckos (D:2)
  10 orcs
  5 giant cockroaches
  10 goblins
  11 hobgoblins
  5 jackals
  11 kobolds
  A quokka (D:4)
  7 bats
  6 frilled lizards
  A quokka skeleton (D:3)
  5 rats
104 creatures vanquished.

Notes
Turn   | Place    | Note
-------+----------+-------------------------------------------
     0 | D:1      | Error4North the Hill Orc Fighter began the quest for the
                  | Orb.
     0 | D:1      | Reached XP level 1. HP: 19/19 MP: 1/1
    76 | D:1      | Reached XP level 2. HP: 20/27 MP: 2/2
   394 | D:1      | Reached XP level 3. HP: 30/33 MP: 3/3
  1126 | D:2      | Reached skill level 3 in Axes
  1215 | D:2      | Reached XP level 4. HP: 40/40 MP: 4/4
  1328 | D:2      | Found a runed translucent door.
  1329 | D:2      | Noticed Crazy Yiuf
  1334 | D:2      | Killed Crazy Yiuf
  1754 | D:3      | Reached XP level 5. HP: 31/46 MP: 5/5
  1997 | D:3      | Noticed Natasha
  2007 | D:3      | Killed Natasha
  2007 | D:3      | Reached skill level 4 in Axes
  2142 | D:3      | Noticed Natasha
  2159 | D:3      | Killed Natasha
  2285 | D:3      | Noticed Natasha
  2309 | D:3      | Killed Natasha
  2309 | D:3      | Reached XP level 6. HP: 16/52 MP: 6/6
  2813 | D:4      | Reached skill level 5 in Armour
  2878 | D:4      | Reached skill level 5 in Shields
  3436 | D:5      | Entered Level 5 of the Dungeon
  3527 | D:5      | Found Uhykuaf's Book Emporium.
  3567 | D:5      | Reached skill level 5 in Axes
  3568 | D:5      | Found Qaroniosm's Distillery.
  3596 | D:5      | Bought a potion of heal wounds for 60 gold pieces
  3596 | D:5      | Bought a potion of curing for 36 gold pieces
  3780 | D:5      | Found Xaed's Weapon Shoppe.
  4148 | D:5      | Reached XP level 7. HP: 53/60 MP: 7/7
  4224 | D:5      | Found Udghenastra's Book Shop.
  4363 | D:5      | Reached skill level 1 in Dodging
  4370 | D:5      | Found Huhael's Magic Scroll Shoppe.
  4375 | D:5      | Bought a scroll of identify for 24 gold pieces
  4740 | D:6      | Found a staircase to the Ecumenical Temple.
  4764 | D:6      | Reached skill level 6 in Axes
  4782 | D:6      | Slain by an orc warrior

Levels and vault maps discovered:
D:1:      minmay_arrival_checkered_box, layout_loops_ring,
          minmay_misc_feat_ornament
D:2:      layout_basic, uniq_crazy_yiuf_cottage
D:3:      layout_loops_ring, first_ration, uniq_natasha
D:4:      layout_basic, grunt_ministairs_13
D:5:      layout_basic, serial_shops, kennysheep_mini,
          nicolae_shop_behind_doors, shop, nicolae_shop_stone,
          nicolae_shop_behind_doors
D:6:      gammafunk_cloud_chamber, layout_cave_pools,
          nicolae_ru_great_annihilating_truth, minmay_temple_entry_mini_moons,
          nicolae_ossuary_entry_plus, minmay_checkerbox

Skill      XL: |  1  2  3  4  5  6  7 |
---------------+----------------------+-----
Fighting       | 4 |  4.8
Shields        | 4 5 |  5.9
Axes           | 3 4 5 6 |  6.2
Armour         | 4 5 |  5.7
Dodging        | 1 |  1.1
Stealth        | |  0.2

Action                   |  1- 3 |  4- 6 |  7- 9 || total
-------------------------+-------+-------+-------++-------
Melee: War axe           |   145 |   255 |    33 ||   433
  Use: Potion            |       |       |     4 ||     4
       Scroll            |       |       |     3 ||     3
 Stab: Invisible         |       |       |     1 ||     1
  Eat: Chunk             |     1 |     9 |       ||    10
       Ration            |       |     1 |       ||     1
Armor: Scale mail        |    94 |   113 |     7 ||   214
Dodge: Dodged            |    53 |    84 |    16 ||   153
Block: Shield            |    86 |   125 |    20 ||   231

Table legend:
 A = Non-vault XP
 B = Vault XP
 C = Vault XP percentage of total XP
 D = Non-vault monster count
 E = Vault monster count
 F = Vault count percentage of total count
                 A         B        C        D         E       F
            +---------+---------+-------+---------+---------+-------
      Total |     925 |     127 |  12.1 |      99 |       5 |   4.8
            +---------+---------+-------+---------+---------+-------
        D:1 |      39 |       0 |   0.0 |      22 |       0 |   0.0
        D:2 |      67 |      40 |  37.4 |      26 |       1 |   3.7
        D:3 |     168 |      36 |  17.6 |      26 |       1 |   3.7
        D:4 |     153 |      13 |   7.8 |       8 |       1 |  11.1
        D:5 |     337 |       0 |   0.0 |      14 |       0 |   0.0
        D:6 |     161 |      38 |  19.1 |       3 |       2 |  40.0
            +---------+---------+-------+---------+---------+-------
